 Dungeon Crawl Stone Soup version 0.19.0-2-gae57169 (webtiles) character file.

147 Gingerlord the Skirmisher (level 5, -1/42 HPs)
             Began as a Human Wanderer on Nov 7, 2016.
             Slain by a gnoll
             ... wielding a +0 halberd
              (9 damage)
             ... on level 3 of the Dungeon.
             The game lasted 00:03:31 (2733 turns).

Gingerlord the Skirmisher (Human Wanderer)          Turns: 2733, Time: 00:03:32

Health: -1/42      AC:  8    Str: 14    XL:     5   Next: 54%
Magic:  5/5        EV:  9    Int: 12    God:
Gold:   116        SH:  0    Dex: 12    Spells: 0 memorised, 4 levels left

rFire  x . .     SeeInvis .     c - +0 hand axe
rCold  + . .     Gourm    .     a - +2 scale mail
rNeg   . . .     Faith    .     (no shield)
rPois  .         Spirit   .     n - +0 hat
rElec  .         Reflect  .     (no cloak)
rCorr  .         Harm     .     (no gloves)
MR     .....                    (no boots)
Stlth  ..........               (no amulet)
                                (no ring)
                                o - ring of ice

@: no status effects
A: no striking features
a: no special abilities


You were on level 3 of the Dungeon.
You were very hungry.

You visited 1 branch of the dungeon, and saw 3 of its levels.

You collected 116 gold pieces.

Inventory:

Hand Weapons
 c - a +0 hand axe (weapon)
Armour
 a - a +2 scale mail (worn)
 i - a +0 chain mail
 n - a +0 hat (worn)
Jewellery
 o - a ring of ice (left hand)
Scrolls
 b - a scroll of teleportation
 f - 3 scrolls of identify {unknown}
 l - a scroll of remove curse {unknown}
 p - a scroll of fear {unknown}
Potions
 e - a potion of flight {unknown}
 g - a potion of heal wounds {unknown}
 j - a potion of invisibility {unknown}
 k - 2 potions of haste {unknown}
 m - 2 potions of curing {unknown}
 r - 2 potions of cancellation {unknown}
 s - a potion of degeneration {unknown}
 t - a potion of resistance {unknown}
Comestibles
 d - 2 bread rations
 h - a beef jerky
 q - a meat ration


   Skills:
 + Level 4.1 Fighting
 + Level 3.0 Axes
 - Level 1.0 Throwing
 + Level 3.1 Armour
 + Level 1.9 Dodging
 - Level 1.0 Stealth
 - Level 1.0 Unarmed Combat


You had 4 spell levels left.
You didn't know any spells.

Dungeon Overview and Level Annotations

Branches:
Dungeon (3/15)

Altars:
Fedhas
Trog
Yredelemnul


Message History

The gnoll is heavily wounded.
You hit the gnoll. The gnoll hits you with a halberd!
The gnoll hits you but does no damage. x2
The gnoll completely misses you.
You hit the gnoll.
The gnoll is almost dead.
The gnoll barely misses you. The gnoll hits you but does no damage.
You hit the gnoll.
You kill the gnoll!
The gnoll hits you from afar with a halberd!
* * * LOW HITPOINT WARNING * * *
There is an open door here.
You open the door.
The gnoll hits you from afar with a halberd.
* * * LOW HITPOINT WARNING * * *
There is an open door here.
You see here a spear.
There is an open door here.
The gnoll hits you from afar with a halberd!
You die...

.# #.## ###.......... .########..#
#.# #.......##### .+..##.....# #.#
#.......+ . .##.##.....# #.#
#.......# # .##.##.....# #.#
#.......##### .##.##.....##
#.#####..........## ..)..'......#
#................##
.##.##.....g###............<...##
.##.#####.....g.@...[..#....#####
.............>......[รท.+.....)...
.##.#####.#..###.......##########
.#.... ...#..# #.......# #
.##########...#####'#### #
..........#.#.## #.# #
#########.#.#..####'####### #
..........#.##.##.........# #
#......[###....##.(.(.....# #


You could see 2 gnolls.

Vanquished Creatures
  A gnoll (D:3)
  6 adders (D:2)
  An ooze (D:2)
  A worm (D:2)
  3 leopard geckos
  An orc (D:3)
  2 ball pythons (D:1)
  8 bats
  3 giant cockroaches (D:2)
  9 goblins
  8 hobgoblins
  3 jackals (D:1)
  2 quokkas
  7 frilled lizards
  9 kobolds
  9 rats
73 creatures vanquished.

Notes
Turn   | Place    | Note
-------+----------+-------------------------------------------
     0 | D:1      | Gingerlord the Human Wanderer began the quest for the Orb.
     0 | D:1      | Gingerlord set off with: a +2 scale mail, a scroll of teleportation, a +0 hand axe, a bread ration
     0 | D:1      | Reached XP level 1. HP: 18/18 MP: 1/1
    32 | D:1      | Reached XP level 2. HP: 18/24 MP: 2/2
   441 | D:1      | Reached XP level 3. HP: 26/29 MP: 3/3
   550 | D:1      | Reached skill level 1 in Dodging
  1052 | D:2      | Reached XP level 4. HP: 35/35 MP: 4/4
  1650 | D:2      | Reached XP level 5. HP: 21/42 MP: 5/5
  1858 | D:2      | Found a faded altar of an unknown god.
  1858 | D:2      | Found a faded altar of an unknown god.
  1890 | D:2      | Found a basalt altar of Yredelemnul.
  1892 | D:2      | Found a faded altar of an unknown god.
  1896 | D:2      | Found a blossoming altar of Fedhas.
  2124 | D:2      | Reached skill level 4 in Fighting
  2449 | D:3      | Found a bloodstained altar of Trog.
  2733 | D:3      | Slain by a gnoll

Skill      XL: |  1  2  3  4  5 |
---------------+----------------+-----
Dodging        | 1 |  1.9
Armour         | 3 |  3.1
Fighting       | 4 |  4.1
Axes           | 3 |  3.0
Throwing       | |  1.0
Stealth        | |  1.0
Unarmed Combat | |  1.0

Action                   |  1- 3 |  4- 6 || total
-------------------------+-------+-------++-------
Melee: Hand axe          |   116 |   190 ||   306
       Punch             |       |     1 ||     1
  Eat: Chunk             |       |     5 ||     5
Armor: Scale mail        |    99 |   106 ||   205
Dodge: Dodged            |    82 |    93 ||   175
